 Dungeon Crawl Stone Soup version 0.24-a0-769-g368c1644f8 (webtiles) character file.

Game seed: 1261962964352142963, levelgen mode: deterministic

37 Kairok the Sneak (level 3, -1/18 HPs)
             Began as a Vine Stalker Assassin on Oct 6, 2019.
             Slain by a goblin
             ... wielding a +0 club
             ... led by Robin
              (4 damage)
             ... on level 2 of the Dungeon.
             The game lasted 00:01:09 (1180 turns).

Kairok the Sneak (Vine Stalker Assassin)            Turns: 1180, Time: 00:01:10

Health: -1/18      AC:  3    Str: 10 (13) XL:     3   Next: 41%
Magic:  0/4        EV: 11    Int: 10 (11) God:
Gold:   41         SH:  0    Dex: 13 (16) Spells: 2/2 levels left

rFire    . . .     SeeInvis .   a - +2 dagger
rCold    . . .     Gourm    .   (no shield)
rNeg     . . .     Faith    .   b - +0 robe
rPois    .         Spirit   +   (no helmet)
rElec    .         Reflect  .   c - +0 cloak
rCorr    .         Harm     .   (no gloves)
MR       .....                  (no boots)
Stlth    +++.......             (no amulet)
HPRegen  0.06/turn              (no ring)
MPRegen  0.09/turn              (no ring)

@: no status effects
A: fangs 2, magic shield, antimagic bite, no potion heal 3, rot immunity
a: no special abilities


You were on level 2 of the Dungeon.
You were hungry.

You visited 1 branch of the dungeon, and saw 2 of its levels.

You collected 41 gold pieces.

Inventory:

Hand Weapons
 a - a +2 dagger (weapon)
Missiles
 d - 8 poisoned darts (quivered)
 e - 2 curare-tipped darts
Armour
 b - a +0 robe (worn)
 c - a +0 cloak (worn)
Scrolls
 j - 2 scrolls of fear
Comestibles
 f - 2 rations


   Skills:
 + Level 2.1 Fighting
 + Level 2.0 Short Blades
 + Level 1.9 Throwing
 + Level 0.7 Dodging
 + Level 6.0 Stealth


You had 2 spell levels left.
You didn't know any spells.
Your spell library was empty.

Dungeon Overview and Level Annotations

Branches:
Dungeon (2/15)

Altars:

Annotations:
D:2 Robin


Innate Abilities, Weirdness & Mutations

You have extremely sharp teeth.
When hurt, damage is shared between your health and your magic reserves.
Your bite disrupts and absorbs the magic of your enemies.
Potions cannot restore your health.
You are immune to rotting.


Message History

A goblin comes into view. It is wielding a +0 dagger.
The goblin shouts!
The hobgoblin shouts!
Robin roars a battlecry!
The goblins go into a battle-frenzy!
A goblin comes into view. It is wielding a +0 dagger.
A leopard gecko, a goblin and a hobgoblin come into view.
The hobgoblin barely misses you.
Robin roars a battlecry!
The goblin goes into a battle-frenzy!
The hobgoblin hits you with a +0 club!
* * * LOW HITPOINT WARNING * * *
A goblin comes into view. It is wielding a +0 club.
The goblin moves out of view.
The leopard gecko hisses angrily.
The goblin shouts!
You see here a puce potion.
There is a stone staircase leading up here.
The hobgoblin hits you with a +0 club.
* * * LOW HITPOINT WARNING * * *
The goblin hits you with a +0 club.
You die...

######## #...g@.#
#.####g#######
#wggg......#
#g.gg#.#####.#
..lg....# ##.##
g#....#.# ##...#
#.#.##.###.#.#.##
#.##
####.##.##.## ♣
#.###.....#


You could see 2 hobgoblins and a goblin.

Vanquished Creatures
  3 dart slugs (D:1)
  A ball python (D:1)
  5 bats (D:1)
  A giant cockroach (D:1)
  3 goblins (D:1)
  4 hobgoblins (D:1)
  8 kobolds
  A quokka (D:2)
  2 frilled lizards (D:1)
  2 rats
30 creatures vanquished.

Notes
Turn   | Place    | Note
-------+----------+-------------------------------------------
     0 | D:1      | Kairok the Vine Stalker Assassin began the quest for the
                  | Orb.
     0 | D:1      | Reached XP level 1. HP: 11/11 MP: 2/2
    31 | D:1      | Reached skill level 5 in Stealth
    46 | D:1      | Reached XP level 2. HP: 7/15 MP: 3/3
   426 | D:1      | Reached XP level 3. HP: 17/18 MP: 4/4
  1153 | D:2      | Reached skill level 6 in Stealth
  1176 | D:2      | Noticed Robin
  1180 | D:2      | Slain by a goblin

Levels and vault maps discovered:
D:1:      minmay_arrival_four_loops, layout_loops_ring, minmay_bisected
D:2:      kb_forest_paths, layout_loops_corners, uniq_robin

Skill      XL: |  1  2  3 |
---------------+----------+-----
Stealth        | 5 6 |  6.0
Fighting       | 2 |  2.1
Short Blades   | 2 |  2.0
Throwing       | |  1.9
Dodging        | |  0.7

Action                   || total
-------------------------++-------
Melee: Dagger            ||    70
       Bite              ||    16
  Use: Scroll            ||     2
       Potion            ||     2
 Stab: Sleeping          ||     9
Armor: Robe              ||    10
Dodge: Dodged            ||    33

Table legend:
 A = Non-vault XP
 B = Vault XP
 C = Vault XP percentage of total XP
 D = Non-vault monster count
 E = Vault monster count
 F = Vault count percentage of total count
                 A         B        C        D         E       F
            +---------+---------+-------+---------+---------+-------
      Total |      45 |       9 |  16.7 |      24 |       6 |  20.0
            +---------+---------+-------+---------+---------+-------
        D:1 |      41 |       9 |  18.0 |      21 |       6 |  22.2
        D:2 |       4 |       0 |   0.0 |       3 |       0 |   0.0
            +---------+---------+-------+---------+---------+-------
